 Dungeon Crawl Stone Soup version 0.17.0-73-gb648821 (webtiles) character file.

145 JokEr the Skirmisher (level 5, -5/35 HPs)
             Began as a Gargoyle Fighter on Dec 9, 2015.
             Slain by an ogre
             ... wielding a +0 giant club
              (25 damage)
             ... on level 4 of the Dungeon.
             The game lasted 00:04:47 (2817 turns).

JokEr the Skirmisher (Gargoyle Fighter)             Turns: 2817, Time: 00:04:48

Health: -5/35      AC: 11    Str: 20    XL:     5   Next: 27%
Magic:  5/5        EV:  7    Int:  9    God:
Gold:   168        SH:  9    Dex:  9    Spells: 0 memorised, 4 levels left

rFire  . . .     SeeInvis .     a - +0 flail
rCold  . . .     Clarity  .     b - +1 scale mail
rNeg   + + .     SustAt   .     c - +0 shield
rPois  ∞         Gourm    .     (no helmet)
rElec  +         Spirit   .     (no cloak)
rCorr  .         Warding  +     (no gloves)
rMut   .         Stasis   .     (no boots)
MR     .....                    i - amulet of warding
Stlth  ..........               (no ring)
                                (no ring)

@: not resistant to hostile enchantments, extremely unstealthy
A: negative energy resistance 1, electricity resistance, unbreathing,
petrification resistance, rot immunity, AC +4
a: no special abilities


You were on level 4 of the Dungeon.
You were not hungry.

You visited 1 branch of the dungeon, and saw 4 of its levels.

You collected 168 gold pieces.

Inventory:

Hand Weapons
 a - a +0 flail (weapon)
Armour
 b - a +1 scale mail (worn)
 c - a +0 shield (worn)
Jewellery
 i - an amulet of warding (around neck)
Wands
 n - a wand of frost (18)
Scrolls
 g - 6 scrolls of identify
 h - 2 scrolls of remove curse
Potions
 d - a potion of might
 e - a potion of degeneration {unknown}
 j - 2 potions of curing {unknown}
 k - a potion of haste {unknown}
 m - a potion of agility {unknown}
 p - a potion of beneficial mutation {unknown}
 t - a potion of lignification {unknown}
Comestibles
 f - 6 meat rations
 q - a beef jerky
 s - 2 fruits


   Skills:
 + Level 5.2 Fighting
 + Level 3.8 Maces & Flails
 - Level 3.2 Armour
 - Level 3.2 Shields


You had 4 spell levels left.
You didn't know any spells.

Dungeon Overview and Level Annotations

Branches:
Dungeon (4/15)
 Temple: D:4-7

Altars:
Cheibriados
Dithmenos
Elyvilon
Gozag
Vehumet
Zin


Innate Abilities, Weirdness & Mutations

You are resistant to torment.
Your stone body is resilient (AC +4).
You are immune to poison.
You resist negative energy.
You are resistant to electric shocks.
You can survive without breathing.
You are immune to petrification.
You are immune to rotting.


Message History

You sock the adder!
You kill the adder!
No target in view!
You see here an adder corpse.
An ogre comes into view. It is wielding a giant club.
The ogre shouts!
An ogre is nearby!
Found a stone staircase leading down.
A worker ant comes into view.
The worker ant twitches its antennae in your direction.
The ogre hits you with a giant club!
Found a ring mail.
You sock the ogre!
The ogre is moderately wounded.
The ogre hits you with a giant club.
You sock the ogre!
The ogre is heavily wounded.
The ogre hits you with a giant club!!
Ouch! That really hurt!
You die...

########## .######..
.....### #####
........####..... .....
[....aO@.....#.#########
.>.....%....†...........
..#####.###.##..........
#.# #.############ #.#
#.# #.# #.. ..# ### ###


You could see an ogre and a worker ant.

Vanquished Creatures
  5 adders
  4 gnolls (D:3)
  2 worms
  2 giant geckos
  An orc (D:4)
  A ball python (D:1)
  8 bats
  2 giant cockroaches
  6 goblins
  7 hobgoblins
  A quokka (D:3)
  6 giant newts
  11 kobolds
  6 rats
62 creatures vanquished.

Notes
Turn   | Place    | Note
--------------------------------------------------------------
     0 | D:1      | JokEr the Gargoyle Fighter began the quest for the Orb.
     0 | D:1      | Reached XP level 1. HP: 14/14 MP: 1/1
   283 | D:1      | Reached XP level 2. HP: 19/19 MP: 2/2
   880 | D:2      | Found a white marble altar of Elyvilon.
   964 | D:2      | Reached skill level 4 in Fighting
   964 | D:2      | Reached XP level 3. HP: 10/24 MP: 3/3
  1156 | D:2      | Found a snail-covered altar of Cheibriados.
  1272 | D:2      | Found a shadowy altar of Dithmenos.
  1861 | D:3      | Reached XP level 4. HP: 30/30 MP: 4/4
  1916 | D:3      | Found a radiant altar of Vehumet.
  2209 | D:3      | Reached skill level 5 in Fighting
  2209 | D:3      | Reached XP level 5. HP: 20/35 MP: 5/5
  2442 | D:3      | Found a glowing silver altar of Zin.
  2442 | D:3      | Found an opulent altar of Gozag.
  2812 | D:4      | Noticed an ogre
  2817 | D:4      | Slain by an ogre

Action                   |  1- 3 |  4- 6 || total
-------------------------+-------+-------++-------
Melee: Flail             |   134 |    82 ||   216
  Use: Scroll            |     5 |     3 ||     8
  Eat: Bread ration      |     1 |     1 ||     2
